 Dungeon Crawl Stone Soup version 0.19-a0-1007-g133f65f (webtiles) character file.

115 mistymad the Skirmisher (level 5, -3/42 HPs)
             Began as a Formicid Abyssal Knight on July 19, 2016.
             Was a Believer of Lugonu.
             Slain by Sigmund
             ... wielding a +3 scythe of distortion
              (7 damage)
             ... on level 4 of the Dungeon.
             The game lasted 00:04:56 (3425 turns).

mistymad the Skirmisher (Formicid Abyssal Knight)   Turns: 3425, Time: 00:04:57

Health: -3/42      AC:  5    Str: 18    XL:     5   Next: 20%
Magic:  15/15      EV:  8    Int: 11    God:    Lugonu [**....]
Gold:   153        SH:  7    Dex: 10    Spells: 0 memorised, 4 levels left

rFire  + . .     SeeInvis +     A - +0 war axe
rCold  . . .     Gourm    .     v - +0 ring mail {rF+}
rNeg   . . .     Faith    .     k - +0 shield
rPois  .         Spirit   .     (helmet unavailable)
rElec  .         Dismiss  .     (no cloak)
rCorr  .         Reflect  .     (no gloves)
SustAt .         Harm     .     (no boots)
MR     .....                    (no amulet)
Stlth  ..........               (no ring)
                                h - ring of magical power

@: not resistant to hostile enchantments, extremely unstealthy
A: permanent stasis, dig shafts and tunnels, four strong arms, antennae 3
a: Dig, Shaft Self, Depart the Abyss, Bend Space, Renounce Religion


You were on level 4 of the Dungeon.
You worshipped Lugonu.
Lugonu was pleased with you.
You were not hungry.

You visited 1 branch of the dungeon, and saw 4 of its levels.
You visited the Abyss 1 time.

You collected 153 gold pieces.

Inventory:

Hand Weapons
 A - a +0 war axe (weapon)
Armour
 k - a +0 shield (worn)
 v - a +0 ring mail of fire resistance (worn)
Jewellery
 h - a ring of magical power (left hand)
 i - an uncursed amulet of rage {unknown}
Wands
 m - a wand of flame (32/48)
Scrolls
 d - a scroll of fear {unknown}
 e - 3 scrolls of enchant weapon {unknown}
 f - 3 scrolls of recharging {unknown}
 l - 4 scrolls of remove curse {unknown}
 o - a scroll of random uselessness {unknown}
 p - 3 scrolls of identify {unknown}
 r - a scroll of teleportation {unknown}
 t - a scroll of enchant armour {unknown}
 x - a scroll of amnesia {unknown}
 y - a scroll of immolation {unknown}
Potions
 b - a potion of invisibility {unknown}
 g - a potion of berserk rage {unknown}
 n - a potion of heal wounds
 q - a potion of curing
 u - a potion of agility {unknown}
Comestibles
 c - 2 bread rations
 j - a beef jerky
 s - 2 meat rations
 w - a slice of pizza
 z - 3 chunks of flesh


   Skills:
 + Level 4.1 Fighting
 + Level 3.3 Axes
 + Level 3.3 Armour
 - Level 0.8 Dodging
 + Level 1.3 Shields
 - Level 2.1 Invocations


You had 4 spell levels left.
You didn't know any spells.

Dungeon Overview and Level Annotations

Branches:
Dungeon (4/15)
 Temple: D:4-7

Altars:
Pakellas
Qazlal
The Shining One

Annotations:
D:4 Sigmund


Innate Abilities, Weirdness & Mutations

You are under a permanent stasis effect.
You can dig through walls and to a lower floor.
Your four strong arms can wield two-handed weapons with a shield.
You have a pair of large antennae on your head. (SInv)


Message History

* * * LOW HITPOINT WARNING * * *
Space bends around you.
* * * LOW HITPOINT WARNING * * *
You take 4 damage, and have 9/42 hp.
You closely miss Sigmund.
Sigmund is severely wounded.
Sigmund hits you with a scythe of distortion.
* * * LOW HITPOINT WARNING * * *
You feel a strange sense of stasis.
You take 3 damage, and have 6/42 hp.
Unknown command.
You completely miss Sigmund.
Sigmund is severely wounded.
Sigmund hits you but does no damage.
You hit Sigmund.
Sigmund is almost dead.
Sigmund hits you with a scythe of distortion.
* * * LOW HITPOINT WARNING * * *
Space bends around you.
You die...

############# .
............# ..
######....###.# ..
..........###.#
##.######....#..(#
#....####..##.<###
#.........##..##
#...##@#####.##
......?@# #.
##....... #
#..(##... .....
#.... .### ###...
.... .####


You could see Sigmund.

Vanquished Creatures
  4 adders
  A worm (D:3)
  A dart slug (D:1)
  2 giant geckos (D:2)
  5 orcs (D:3)
  2 ball pythons
  4 giant cockroaches
  5 goblins
  7 hobgoblins
  3 jackals (D:3)
  13 kobolds
  A quokka (D:2)
  7 bats
  6 giant newts
  4 rats
65 creatures vanquished.

Notes
Turn   | Place    | Note
-------+----------+-------------------------------------------
     0 | Abyss:1  | mistymad the Formicid Abyssal Knight began the quest for the Orb.
     0 | Abyss:1  | Reached XP level 1. HP: 18/18 MP: 2/2
    18 | D:1      | Escaped the Abyss
   176 | D:1      | Reached XP level 2. HP: 24/24 MP: 3/3
   513 | D:1      | Reached XP level 3. HP: 20/29 MP: 4/4
  1410 | D:2      | Reached ** piety under Lugonu
  1483 | D:2      | Found a glowing golden altar of the Shining One.
  1672 | D:2      | Reached XP level 4. HP: 37/37 MP: 5/5
  1760 | D:2      | Reached skill level 4 in Fighting
  1760 | D:2      | Reached skill level 1 in Shields
  2417 | D:2      | Found an oddly glowing altar of Pakellas.
  2797 | D:3      | Found a stormy altar of Qazlal.
  2800 | D:3      | Noticed an earth elemental
  2801 | D:3      | Noticed a fire elemental
  2801 | D:3      | Noticed a water elemental
  2801 | D:3      | Noticed an air elemental
  2837 | D:3      | Reached XP level 5. HP: 25/42 MP: 6/6
  3414 | D:4      | Noticed Sigmund
  3425 | D:4      | Slain by Sigmund

Vault maps used:
D:1:      lemuel_arrival_rhombus
D:2:      nicolae_overflow_crystal_walls, serial_glass, glass_columns_b,
          glass_columns_c, minmay_misc_feat_diagonals, grunt_pakellas_sulfur
D:3:      nicolae_qazlal_style_of_elements
D:4:      marbit_many_paths, first_bread, lemuel_another_geyser, uniq_menkaure,
          uniq_sigmund

Skill      XL: |  1  2  3  4 |
---------------+-------------+-----
Armour         | 3 |  3.3
Axes           | 3 |  3.3
Fighting       | 4 |  4.1
Shields        | 1 |  1.3
Dodging        | |  0.8
Invocations    | |  2.1

Action                   |  1- 3 |  4- 6 || total
-------------------------+-------+-------++-------
Melee: Hand axe          |    99 |   120 ||   219
       War axe           |       |    11 ||    11
  Use: Potion            |     1 |       ||     1
  Eat: Chunk             |     2 |     6 ||     8
Armor: Ring mail         |    51 |    50 ||   101
Dodge: Dodged            |    66 |    49 ||   115
Block: Shield            |     4 |    38 ||    42
